Map: Arctic Dream LE

Players

Ekelpack - Winner!

  • Race: Zerg Zerg
  • Spawn Location: 12:00

Nyck - Winner!

  • Race: Terran Terran
  • Spawn Location: 11:00

nightbringer

  • Race: Protoss Protoss
  • Spawn Location: 5:00

igris

  • Race: Protoss Protoss
  • Spawn Location: 6:00

VOD

Have the link to the VOD?

Description

Time

  • Played on: Nov. 1, 2020, 10:25 a.m.
  • Length: 14:26
Show
View Real Time Build Order
Export as new Build Order

Ekelpack Zerg - Winner!

Build Orders: Hatch First, Brood Lord Corruptor 

Get SALT Encoding   

  12  0:00  Drone  
  13  0:13  Overlord  
  13  0:19  Drone  
  14  0:32  Drone  
  15  0:46  Hatchery  
  15  0:49  Drone  
  15  0:53  Drone  
  15  0:56  Drone  
  17  1:11  Spawning Pool  
  17  1:14  Drone  
  17  1:18  Drone  
  18  1:23  Drone  
  19  1:36  Extractor  
  18  1:41  Drone  
  18  1:44  Drone  
  20  1:56  Drone  
  20  1:58  Queen x2  
  25  2:05  Drone x2  
  27  2:09  Overlord  
  27  2:16  Overlord  
  27  2:22  Drone  
  28  2:34  Drone  
  29  2:40  Drone  
  29  2:43  Extractor  
  29  2:44  Lair  
  29  2:45  Drone  
  29  2:47  Drone  
  31  2:52  Drone  
  31  2:54  Drone  
  33  2:59  Queen  
  33  3:02  Drone  
  36  3:06  Extractor  
  36  3:10  Drone x3  
  36  3:11  Drone  
  39  3:14  Metabolic Boost  
  39  3:15  Overlord  
  39  3:22  Extractor  
  39  3:25  Drone x3  
  41  3:29  Drone  
  41  3:31  Drone  
  43  3:39  Evolution Chamber  
  42  3:48  Drone x4  
  44  3:49  Drone x3  
  49  3:56  Spire  
  48  4:08  Overlord  
  48  4:15  Overlord  
  48  4:43  Hatchery  
  47  4:49  Overlord  
  47  4:55  Zerg Melee Weapons Level 1  
  47  4:59  Overlord  
  47  5:07  Mutalisk x4  
  47  5:08  Mutalisk x4  
  47  5:10  Overlord x2  
  63  5:17  Zergling x2  
  63  5:18  Zergling x10  
  63  5:21  Zerg Flyer Weapons Level 1  
  69  5:33  Zergling x4  
  59  6:11  Zergling x4  
  59  6:12  Zergling x12  
  59  6:13  Zergling x2  
  59  6:16  Zergling x4  
  59  6:17  Zergling x2  
  71  6:25  Mutalisk  
  71  6:26  Mutalisk x4  
  81  6:35  Mutalisk x3  
  85  6:49  Zergling x8  
  85  6:55  Mutalisk x2  
  84  7:02  Zergling x8  
  84  7:03  Zergling x10  
  92  7:26  Queen  
  92  7:29  Overseer  
  86  8:07  Drone x5  
  86  8:08  Drone x5  
  86  8:09  Drone x4  
  100  8:13  Overlord  
  99  8:25  Drone x3  
  102  8:29  Zerg Melee Weapons Level 2  
  102  8:34  Spire  
  101  8:35  Overlord x2  
  101  8:36  Infestation Pit  
  101  8:38  Zergling x4  
  101  8:39  Zergling x14  
  101  8:40  Zergling x2  
  110  8:43  Extractor  
  110  8:44  Extractor  
  110  8:46  Overseer  
  108  9:08  Zergling x12  
  113  9:15  Zergling x8, Overlord x2  
  113  9:16  Overlord  
  117  9:20  Hive  
  117  9:22  Zergling x8  
  117  9:23  Zergling x2, Extractor  
  121  9:25  Hatchery  
  121  9:26  Extractor  
  119  9:49  Corruptor x5  
  119  9:50  Corruptor x2  
  119  9:52  Overlord  
  133  10:01  Overlord x3  
  133  10:06  Overlord  
  133  10:07  Zergling x2  
  133  10:08  Zergling x8  
  137  10:21  Corruptor x3  
  135  10:23  Zergling x2  
  142  10:36  Greater Spire  
  142  10:42  Zergling x14  
  149  10:43  Zergling x4  
  149  10:49  Zergling x6  
  154  10:52  Queen  
  157  10:57  Drone x6  
  157  10:58  Overlord x2  
  162  11:10  Zergling x6  
  162  11:11  Zergling x6  
  166  11:25  Corruptor, Zergling x8  
  156  11:26  Corruptor x3  
  157  11:37  Zergling x4, Mutalisk  
  157  11:38  Zergling x2, Mutalisk  
  142  11:55  Zergling x6  
  142  11:56  Zergling x14  
  142  11:57  Zergling x2  
  146  12:09  Brood Lord x2  
  146  12:10  Brood Lord  
  146  12:12  Zergling x10  
  157  12:21  Zergling x4  
  157  12:22  Zergling x4  
  161  12:30  Adrenal Glands  
  161  12:32  Zergling x4  
  161  12:33  Zergling x4  
  162  12:49  Brood Lord x2  
  166  13:20  Brood Lord x3  
  166  13:21  Zergling x2  
  166  13:22  Zergling x14  
  166  13:23  Zergling x14  
  166  13:24  Zergling x12  
  193  13:51  Zergling x12  
  193  13:52  Overlord x4  
Show
View Real Time Build Order
Export as new Build Order

Nyck Terran - Winner!

Build Orders:  

Get SALT Encoding   

  12  0:01  SCV  
  13  0:13  SCV  
  14  0:24  Supply Depot  
  14  0:26  SCV  
  15  0:45  SCV  
  15  0:48  Barracks  
  16  0:58  SCV, Barracks  
  17  1:12  SCV  
  18  1:25  SCV  
  19  1:37  Supply Depot, SCV  
  19  1:38  Marine  
  21  1:46  Refinery, Barracks  
  21  1:49  Orbital Command, Refinery  
  21  1:58  Marine x2  
  23  2:01  Supply Depot  
  23  2:16  Marine x2  
  23  2:18  SCV  
  26  2:35  Marine x3  
  29  2:42  Supply Depot  
  29  2:53  SCV  
  29  2:57  Barracks Tech Lab  
  29  2:58  Barracks Tech Lab x2  
  30  3:05  Supply Depot, SCV  
  31  3:17  SCV, Marauder x3  
  31  3:19  Concussive Shells  
  38  3:24  Combat Shield  
  38  3:29  Stimpack  
  38  3:40  Marauder x2  
  42  3:45  Marauder  
  44  3:54  Engineering Bay  
  44  4:03  Supply Depot  
  44  4:06  Marauder  
  46  4:14  SCV  
  47  4:32  SCV  
  47  4:36  Marauder x3  
  53  4:57  Marauder x3  
  53  4:58  SCV  
  60  5:22  Terran Infantry Weapons Level 1  
  60  5:25  Command Center  
  60  5:30  Marine x2  
  60  5:31  Marine  
  63  5:37  Supply Depot  
  34  6:14  Marauder x3  
  36  6:35  Marauder x3  
  42  6:41  Barracks  
  42  6:44  Barracks  
  42  6:45  Barracks  
  42  6:56  Marauder  
  42  6:57  Marauder  
  46  7:02  Marauder  
  48  7:10  SCV  
  49  7:18  Marauder x2  
  49  7:22  SCV  
  48  7:43  Missile Turret  
  36  8:11  SCV  
  37  8:12  Marauder  
  37  8:13  Marauder x2  
  37  8:18  Barracks Tech Lab  
  39  8:23  SCV, Terran Infantry Armor Level 1  
  39  8:24  Barracks Tech Lab  
  39  8:26  Barracks Tech Lab  
  40  8:32  Refinery  
  40  8:34  SCV  
  40  8:35  SCV, Refinery  
  42  8:42  Marauder  
  42  8:43  Marauder  
  42  8:44  Marauder  
  42  8:46  SCV  
  42  8:47  SCV  
  50  8:58  SCV  
  50  8:59  SCV  
  52  9:04  Marauder x2  
  52  9:05  Marauder  
  58  9:10  SCV  
  58  9:11  SCV  
  60  9:23  SCV x2  
  62  9:25  Marauder  
  64  9:35  SCV x2  
  64  9:36  Factory  
  66  9:39  Marauder  
  68  9:48  SCV  
  69  9:57  Marauder x3  
  75  10:03  Marauder  
  77  10:23  Marauder x4  
  85  10:31  Starport  
  85  10:37  Armory  
  85  10:39  Marauder  
  87  10:48  Marauder x2  
  41  11:49  Marauder x3  
  41  11:50  Marauder x3  
  31  12:48  Marauder x5  
  31  12:49  Marauder  
  31  12:50  SCV  
  44  13:03  SCV  
  44  13:05  Command Center  
  45  13:15  SCV  
  45  13:16  Engineering Bay  
  46  13:20  Engineering Bay  
  46  13:27  SCV  
  46  13:31  Marauder x4  
  46  13:32  Marauder  
  62  13:55  Marauder  
  62  13:59  Marauder  
Show
View Real Time Build Order
Export as new Build Order

nightbringer Protoss 

Build Orders: Colossus Rush 

Get SALT Encoding   

  12  0:01  Probe (Chrono Boost)  
  13  0:13  Probe (Chrono Boost)  
  14  0:21  Pylon, Probe (Chrono Boost)  
  15  0:39  Probe  
  16  0:43  Gateway  
  16  0:51  Probe  
  17  1:03  Probe  
  18  1:05  Pylon  
  18  1:15  Probe (Chrono Boost)  
  18  1:17  Assimilator  
  19  1:19  Assimilator  
  20  1:27  Probe (Chrono Boost)  
  20  1:28  Gateway  
  20  1:31  Probe (Chrono Boost)  
  20  1:35  Zealot  
  23  1:42  Probe  
  25  1:54  Probe  
  25  2:13  Cybernetics Core  
  25  2:15  Forge  
  25  2:20  Zealot x2  
  25  2:21  Pylon  
  29  2:44  Pylon  
  29  2:50  Photon Cannon  
  29  2:51  Photon Cannon  
  29  2:54  Probe  
  30  3:00  Stalker  
  32  3:06  Stalker, Warp Gate (Chrono Boost)  
  34  3:27  Robotics Facility  
  34  3:34  Stalker  
  34  3:36  Stalker  
  38  3:47  Shield Battery  
  38  4:09  Nexus  
  38  4:21  Robotics Bay  
  39  4:24  Observer  
  39  4:26  Probe  
  40  4:33  Pylon  
  40  4:38  Probe  
  41  4:55  Zealot  
  41  4:56  Zealot  
  45  5:00  Twilight Council  
  45  5:03  Immortal (Chrono Boost)  
  49  5:23  Zealot x2  
  51  5:53  Colossus (Chrono Boost)  
  51  5:55  Stalker x2  
  55  6:25  Stalker x2  
  57  6:29  Pylon  
  59  6:34  Probe x2, Photon Cannon  
  61  6:46  Probe x2  
  55  6:58  Probe x2  
  55  6:59  Gateway  
  55  7:01  Gateway  
  47  7:08  Stalker x2  
  43  7:09  Protoss Ground Weapons Level 1  
  43  7:20  Photon Cannon  
  43  7:23  Assimilator  
  43  7:24  Probe x2  
  45  7:33  Stalker  
  45  7:34  Stalker  
  49  7:55  Assimilator  
  49  7:56  Probe  
  49  7:57  Pylon, Probe  
  51  7:59  Stalker, Pylon  
  51  8:00  Stalker  
  51  8:05  Stalker  
  57  8:10  Stalker  
  59  8:16  Blink (Chrono Boost)  
  59  8:23  Probe x2  
  61  8:35  Probe x2  
  61  8:39  Observer  
  61  8:41  Shield Battery  
  63  8:47  Probe  
  64  8:52  Stalker x4  
  72  9:23  Stalker x3  
  78  9:25  Stalker  
  80  9:32  Nexus  
  80  9:39  Stargate  
  80  9:42  Stargate  
  80  9:53  Pylon  
  80  10:01  Stalker  
  80  10:02  Stalker x2, Pylon  
  85  10:23  Photon Cannon  
  85  10:24  Shield Battery  
  85  10:27  Pylon  
  85  10:29  Extended Thermal Lance  
  85  10:40  Protoss Shields Level 1 (Chrono Boost)  
  85  10:41  Probe x2  
  87  10:46  Shield Battery  
  87  10:53  Probe x2  
  87  10:54  Shield Battery  
  89  10:57  Photon Cannon  
  89  11:05  Probe x2  
  91  11:16  Shield Battery  
  91  11:17  Probe  
  73  11:30  Stalker x4  
  59  11:33  Colossus  
  58  11:52  Probe (Chrono Boost)  
  59  11:59  Shield Battery  
  59  12:00  Gateway  
  58  12:02  Gateway, Probe (Chrono Boost)  
  58  12:07  Phoenix, Probe (Chrono Boost)  
  58  12:08  Phoenix  
  63  12:15  Stalker  
  63  12:16  Stalker x2  
  63  12:17  Stalker  
  63  12:19  Probe  
  68  12:31  Probe  
  61  12:47  Charge (Chrono Boost)  
  61  12:49  Zealot x3  
  61  12:50  Zealot  
  69  13:03  Assimilator, Void Ray (Chrono Boost)  
  69  13:04  Void Ray (Chrono Boost)  
  69  13:07  Colossus (Chrono Boost)  
  83  13:15  Zealot x6  
  95  13:43  Stalker  
  95  13:44  Stalker x5  
Show
View Real Time Build Order
Export as new Build Order

igris Protoss 

Build Orders:  

Get SALT Encoding   

  12  0:01  Probe  
  13  0:13  Probe  
  14  0:20  Pylon  
  14  0:25  Probe (Chrono Boost)  
  15  0:40  Gateway, Probe (Chrono Boost)  
  16  0:46  Assimilator  
  16  0:47  Probe (Chrono Boost)  
  17  0:58  Probe  
  18  1:10  Probe  
  19  1:22  Probe  
  20  1:27  Gateway  
  20  1:29  Pylon  
  20  1:33  Cybernetics Core  
  20  1:35  Probe (Chrono Boost)  
  21  1:41  Assimilator  
  21  1:44  Probe (Chrono Boost)  
  22  1:49  Probe (Chrono Boost)  
  23  2:06  Pylon  
  23  2:11  Probe (Chrono Boost)  
  24  2:17  Stalker x2  
  24  2:21  Probe (Chrono Boost)  
  29  2:25  Warp Gate  
  29  2:26  Probe (Chrono Boost)  
  30  2:35  Gateway  
  30  2:37  Probe  
  31  3:07  Pylon  
  31  3:13  Pylon  
  31  3:19  Twilight Council  
  31  3:25  Stalker x2, Probe  
  36  3:37  Probe  
  36  3:41  Shield Battery  
  37  3:50  Nexus, Probe  
  38  4:00  Sentry  
  38  4:01  Sentry  
  38  4:02  Sentry, Probe  
  45  4:21  Shield Battery  
  45  4:26  Pylon  
  45  4:27  Dark Shrine  
  45  4:35  Stalker  
  47  4:44  Pylon  
  47  4:54  Pylon  
  47  5:01  Zealot x3  
  53  5:12  Charge  
  53  5:24  Gateway, Zealot x2  
  53  5:26  Gateway  
  53  6:00  Stalker x2  
  53  6:01  Stalker  
  49  6:27  Dark Templar x2  
  49  6:29  Dark Templar  
  56  6:40  Probe x2 (Chrono Boost)  
  57  6:48  Zealot x2  
  57  6:50  Assimilator, Probe (Chrono Boost)  
  57  6:52  Assimilator, Probe (Chrono Boost)  
  47  6:55  Probe (Chrono Boost)  
  47  7:00  Probe  
  47  7:07  Stalker x2  
  47  7:08  Stalker  
  53  7:10  Stalker  
  55  7:32  Stalker x2  
  59  7:48  Dark Templar  
  61  7:52  Zealot x2  
  61  8:05  Probe x2 (Chrono Boost)  
  63  8:15  Probe (Chrono Boost)  
  62  8:21  Shield Battery  
  62  8:23  Stalker x3  
  62  8:24  Stalker  
  62  8:26  Zealot  
  72  8:27  Probe  
  72  8:28  Probe  
  74  8:36  Blink (Chrono Boost)  
  74  8:47  Nexus  
  74  8:49  Pylon  
  74  8:50  Pylon  
  74  8:57  Stalker x4  
  74  8:58  Stalker  
  84  9:04  Probe x2  
  86  9:16  Probe x2  
  88  9:25  Shield Battery  
  88  9:26  Shield Battery  
  88  9:28  Shield Battery, Probe x2  
  88  9:30  Shield Battery  
  90  9:31  Stalker  
  90  9:34  Stalker  
  90  9:37  Sentry x2  
  98  9:40  Probe  
  99  9:48  Probe  
  99  9:52  Probe  
  101  10:00  Probe  
  102  10:08  Probe  
  102  10:12  Templar Archives  
  102  10:13  Pylon  
  103  10:20  Stalker x3  
  109  10:22  Pylon  
  109  10:23  Stalker  
  109  10:25  Assimilator  
  109  10:27  Assimilator  
  111  10:37  Probe x3  
  114  10:51  Dark Templar x2  
  114  10:55  Forge  
  118  10:57  Forge  
  116  11:04  Zealot  
  116  11:05  Zealot x2  
  102  11:30  Zealot x4  
  102  11:31  Zealot  
  90  11:51  Zealot x2  
  90  11:52  Zealot x2  
  90  11:53  Zealot  
  60  12:05  Protoss Ground Armor Level 1, Protoss Ground Weapons Level 1  
  60  12:15  Zealot x4  
  62  12:16  Zealot  
  68  12:30  Psionic Storm  
  60  12:37  High Templar  
  60  12:38  High Templar x4  
  62  13:06  Gateway  
  62  13:07  Gateway, Archon  
  62  13:09  Gateway  
  62  13:11  Zealot x3  
  62  13:12  Zealot x2  
  58  13:34  Stalker x4  
Tags
 
Add a new tag
Caveats
  • Supply blocks, unpowered buildings, or Contaminate may cause inaccurate times.
  • Supply counts are checked every 10 seconds.